 Dungeon Crawl Stone Soup version 0.28.0-53-g5a82cb258f (webtiles) character file.

Game seed: 14922678849102203040

1048 safid the Cleaver (level 8, -2/66 HPs)
             Began as a Hill Orc Fighter on June 3, 2022.
             Was an Initiate of Beogh.
             Slain by a steam dragon (3 damage)
             ... on level 7 of the Dungeon.
             The game lasted 00:09:56 (6506 turns).

safid the Cleaver (Hill Orc Fighter)                Turns: 6506, Time: 00:09:57

Health: -2/66      AC:  8    Str: 21    XL:     8   Next: 25%
Magic:  8/8        EV:  9    Int:  8    God:    Beogh [......]
Gold:   305        SH:  4    Dex: 10    Spells: 7/7 levels left

rFire   . . .      SeeInvis .   a - +0 war axe
rCold   . . .      Faith    .   c - +0 buckler
rNeg    . . .      Spirit   .   b - +0 scale mail
rPois   .          Reflect  .   i - +0 helmet
rElec   .          Harm     .   (no cloak)
rCorr   .          Rampage  .   (no gloves)
Will    .....                   (no boots)
Stlth   ..........              t - amulet of regeneration
HPRegen 1.01/turn               (no ring)
MPRegen 0.11/turn               (no ring)

@: no status effects
A: no striking features
a: Renounce Religion


You were on level 7 of the Dungeon.
You worshipped Beogh.
Beogh was noncommittal.
You visited 1 branch of the dungeon, and saw 7 of its levels.

You collected 305 gold pieces.

Inventory:

Hand Weapons
 a - a +0 war axe (weapon)
Armour
 b - a +0 scale mail (worn)
 c - a +0 buckler (worn)
 i - a +0 helmet (worn)
Jewellery
 l - a ring of resist corrosion
 t - an amulet of regeneration (around neck)
Wands
 u - a wand of polymorph (1)
Scrolls
 f - a scroll of enchant armour {unknown}
 h - a scroll of blinking
 j - 2 scrolls of vulnerability
 k - 3 scrolls of fear {unknown}
 m - a scroll of silence {unknown}
 n - a scroll of acquirement {unknown}
 o - a scroll of holy word {unknown}
 q - 2 scrolls of noise {unknown}
 r - 2 scrolls of magic mapping {unknown}
 v - a scroll of immolation {unknown}
Potions
 d - 2 potions of might
 e - 3 potions of brilliance
 g - a potion of heal wounds {unknown}
 s - a potion of berserk rage {unknown}


   Skills:
 - Level 4.0 Fighting
 + Level 11.7 Axes
 - Level 4.0 Armour
 - Level 4.0 Shields


You had 7 spell levels left.
You didn't know any spells.
Your spell library contained the following spells:

 Spells                   Type           Power      Damage    Failure   Level
 Sublimation of Blood     Necr           0%         N/A       92%         2
 Wereblood                Tmut           0%         N/A       92%         2
 Inner Flame              Hex/Fire       0%         N/A       99%         3
 Cause Fear               Hex            0%         N/A       100%        4
 Summon Hydra             Summ           0%         N/A       100%        7
 Discord                  Hex            0%         N/A       100%        8


Dungeon Overview and Level Annotations

Branches:
Dungeon (7/15)
 Temple: D:4-7

Altars:
Cheibriados
Dithmenos
Nemelex Xobeh
Xom

Shops:
D:2 (


Message History

The steam dragon claws you but does no damage.
You hit the steam dragon but do no damage.
The steam dragon is heavily wounded.
You are engulfed in a cloud of scalding steam.
* * * LOW HITPOINT WARNING * * *
The steam dragon bites you but does no damage.
The steam dragon claws you.
* * * LOW HITPOINT WARNING * * *
You feel better. The steam dragon barely misses you. x2
You barely miss the steam dragon.
The steam dragon is heavily wounded.
The steam dragon breathes steam at you. The ball of steam hits you!
* * * LOW HITPOINT WARNING * * *
You feel better.
You are engulfed in a cloud of scalding steam.
* * * LOW HITPOINT WARNING * * *
The steam dragon closely misses you. The steam dragon claws you.
* * * LOW HITPOINT WARNING * * *
You hit the steam dragon.
The steam dragon is heavily wounded.
You are engulfed in a cloud of scalding steam.
* * * LOW HITPOINT WARNING * * *
The steam dragon breathes steam at you. The ball of steam misses you.
You slash the steam dragon!
The steam dragon is severely wounded.
You are engulfed in a cloud of scalding steam.
* * * LOW HITPOINT WARNING * * *
The centaur skeleton is engulfed in a cloud of scalding steam.
Unknown command.
You hit the steam dragon but do no damage.
The steam dragon is severely wounded.
You block the steam dragon's attack. The steam dragon claws you.
* * * LOW HITPOINT WARNING * * *
Unknown command.
You hit the steam dragon but do no damage.
The steam dragon is severely wounded.
The steam dragon bites you.
You die...

## #### ###
#.#######..#
##.#######....ZD.###
#..........#####@#
..#########..#######
.## #...Z....... )##
#..J.#...... ..##
##...........
...#####.....Z......
....#......o........
.##........n.......$
###..#..............


You could see a steam dragon (catching breath) and a centaur skeleton.

Vanquished Creatures
  An ice beast (D:7)
  A necrophage (D:7)
  An ogre (D:7)
  A centaur (D:7)
  A phantom (D:7)
  A scorpion (D:6)
  A bullfrog zombie (D:6)
  2 jellies
  4 bullfrog skeletons
  A centaur skeleton (D:4)
  An iguana (D:5)
  3 orc wizards
  A hound skeleton (D:4)
  Robin (D:2)
  7 adders
  A shadow imp (D:5)
  2 white imps (D:6)
  An adder skeleton (D:4)
  5 worms
  A dart slug (D:3)
  19 orcs
  4 ball pythons
  4 bats
  5 endoplasms
  3 giant cockroaches
  17 goblins
  5 hobgoblins
  8 jackals
  3 quokkas
  3 frilled lizards (D:1)
  3 kobolds
  5 rats
116 creatures vanquished.

Vanquished Creatures (others)
  An orc wizard (D:4)
  2 fungi (D:7)
3 creatures vanquished.

Grand Total: 119 creatures vanquished

Notes
Turn   | Place    | Note
-------+----------+-------------------------------------------
     0 | D:1      | safid the Hill Orc Fighter began the quest for the Orb.
     0 | D:1      | Reached XP level 1. HP: 19/19 MP: 1/1
   232 | D:1      | Reached XP level 2. HP: 27/27 MP: 2/2
   256 | D:1      | Reached skill level 3 in Axes
   680 | D:1      | Found a faded altar of an unknown god.
   911 | D:2      | Reached XP level 3. HP: 23/33 MP: 3/3
  1038 | D:2      | Noticed Robin
  1043 | D:2      | Killed Robin
  1449 | D:2      | Found Veorameo's Weapon Shop.
  1739 | D:2      | Reached XP level 4. HP: 40/40 MP: 4/4
  1878 | D:2      | Reached skill level 4 in Axes
  2903 | D:3      | Reached skill level 5 in Axes
  3077 | D:3      | Reached XP level 5. HP: 16/46 MP: 5/5
  3662 | D:4      | Found a shadowy altar of Dithmenos.
  3667 | D:4      | Found a snail-covered altar of Cheibriados.
  3721 | D:4      | Found a sparkling altar of Nemelex Xobeh.
  3776 | D:4      | Reached skill level 6 in Axes
  3943 | D:4      | Reached XP level 6. HP: 24/52 MP: 6/6
  4172 | D:4      | Became a worshipper of Beogh the Brigand
  4525 | D:4      | Found a shimmering altar of Xom.
  4588 | D:4      | Reached skill level 7 in Axes
  4980 | D:5      | Entered Level 5 of the Dungeon
  5311 | D:5      | Reached skill level 8 in Axes
  5862 | D:6      | Noticed a two-headed ogre
  6173 | D:6      | Reached XP level 7. HP: 43/59 MP: 7/7
  6234 | D:6      | Reached skill level 9 in Axes
  6408 | D:7      | Noticed a steam dragon
  6409 | D:7      | Found a shimmering altar of Xom.
  6416 | D:7      | Reached skill level 10 in Axes
  6457 | D:7      | Reached skill level 11 in Axes
  6457 | D:7      | Reached XP level 8. HP: 52/66 MP: 8/8
  6500 | D:7      | HP: 2/66 [steam dragon/ball of steam (15)]
  6505 | D:7      | HP: 1/66 [steam dragon (2)]
  6506 | D:7      | Slain by a steam dragon

Illustrated notes

Levels and vault maps discovered:
D:1:      sevenhm_arrival_forest_fort_small_3, layout_loops_ring,
          ebering_ecumenical_altar_sacrificial, minivault_5
D:2:      layout_basic, serial_shops, nicolae_lakefront_shop, nicolae_wormholes,
          uniq_robin
D:3:      layout_loops_corners
D:4:      layout_basic, general_overflow_altar,
          nemelex_xobeh_ov_fountains_minmay, mainiacjoe_overflow_catwalk_spiral,
          serial_rivers, chequers_serial_rivers_micro_e,
          chequers_serial_rivers_room_a, chequers_serial_rivers_micro_c,
          chequers_serial_rivers_micro_c
D:5:      layout_loops_ring, corexii_checkpoint_a
D:6:      layout_basic, minmay_temple_entry_glassed_door, st_stairs_3
D:7:      layout_layer_cave, mainiacjoe_overflow_surrounded_room,
          minmay_ruined_shrine, uniq_crazy_yiuf_cottage, uniq_maggie, uniq_pikel

Skill      XL: |  1  2  3  4  5  6  7 |
---------------+----------------------+-----
Axes           | 3 5 6 8 11 | 11.7
Fighting       | 4 |  4.0
Armour         | 4 |  4.0
Shields        | 4 |  4.0

Action                   |  1- 3 |  4- 6 |  7- 9 || total
-------------------------+-------+-------+-------++-------
Melee: War axe           |   116 |   198 |    77 ||   391
Invok: Convert to Beogh  |       |     1 |       ||     1
  Use: Scroll            |       |     5 |       ||     5
       Potion            |       |       |     4 ||     4
Armor: Scale mail        |    63 |    94 |    27 ||   184
       Skin              |       |       |     1 ||     1
Dodge: Dodged            |    62 |    93 |    47 ||   202
Block: Buckler           |    28 |    32 |    11 ||    71
